 Dungeon Crawl Stone Soup version 0.30-a0-626-gd6a5dd7a1f (webtiles) character file.

Game seed: 1391649986015107728

250 Newt the Trooper (level 5, -2/42 HPs)
             Began as a Demonspawn Gladiator on Jan 11, 2023.
             Was an Initiate of Hepliaklqana.
             Slain by a scorpion (4 damage)
             ... on level 4 of the Dungeon.
             The game lasted 00:02:57 (3556 turns).

Newt the Trooper (Demonspawn Gladiator)             Turns: 3556, Time: 00:02:57

Health: -2/42      AC:  8    Str: 16    XL:     5   Next: 88%
Magic:  5/5        EV: 12    Int: 10    God:    Hepliaklqana [......]
Gold:   167        SH:  0    Dex: 14    Spells: 4/4 levels left

rFire   . . .      SeeInvis .    a - +1 rapier
rCold   . . .      Faith    .    (no shield)
rNeg    . . .      Spirit   .    b - +1 leather armour
rPois   .          Reflect  .    c - +0 helmet
rElec   .          Harm     .    (no cloak)
rCorr   .          Rampage  .    (no gloves)
Will    .....                    (no boots)
Stlth   ++                       (no amulet)
HPRegen 0.27/turn                (no ring)
MPRegen 0.09/turn                (no ring)

@: mighty, lethally poisoned (-2 -> -16)
A: molten scales 2, weakness stinger 1
a: Renounce Religion


You were on level 4 of the Dungeon.
You worshipped Hepliaklqana.
Hepliaklqana was noncommittal.
You visited 1 branch of the dungeon, and saw 4 of its levels.

You collected 167 gold pieces.

Inventory:

Hand Weapons
 a - a +1 rapier (weapon)
Armour
 b - a +1 leather armour (worn)
 c - a +0 helmet (worn)
Scrolls
 f - a scroll of poison
 g - a scroll of amnesia
Potions
 h - a potion of brilliance {unknown}
 i - a potion of haste
 l - a potion of heal wounds {unknown}


   Skills:
 - Level 4.0 Fighting
 - Level 4.0 Short Blades
 - Level 1.7 Throwing
 + Level 0.9 Armour
 - Level 2.6 Dodging
 - Level 3.0 Stealth


You had 4 spell levels left.
You didn't know any spells.
Your spell library contained the following spells:

 Spells                   Type           Power      Damage    Failure   Level
 Cigotuvi's Dreadful Rot  Necr/Pois/Air  0%         N/A       56%         2
 Poisonous Vapours        Pois/Air       0%         N/A       56%         2
 Mephitic Cloud           Conj/Pois/Air  0%         N/A       80%         3


Dungeon Overview and Level Annotations

Branches:
Dungeon (4/15)
 Temple: D:4-7

Altars:
Hepliaklqana
Uskayaw


Innate Abilities, Weirdness & Mutations

You are mostly covered in molten scales. (AC +3)
You have a small tail.


Message History

You hit the scorpion but do no damage.
Your tail-slap misses the scorpion.
The scorpion is heavily wounded.
The scorpion misses you. The scorpion closely misses you.
You hit the scorpion but do no damage.
The scorpion is heavily wounded.
The scorpion barely misses you.
You hit the scorpion.
The scorpion is severely wounded.
The scorpion stings you but does no damage.
Throw: 2 darts (poison)
Press: ? - help, Q - select action Shift-Dir - straight line, f/p - scorpion
Aim: a scorpion (severely wounded, 60% to hit)
You throw a poisoned dart.
The poisoned dart barely misses the scorpion.
The scorpion stings you.
You are poisoned.
The scorpion poisons you!
You hit the scorpion.
The scorpion is severely wounded.
* * * LOW HITPOINT WARNING * * *
You feel very sick. The scorpion closely misses you.
Throw: dart (poison)
Press: ? - help, Q - select action Shift-Dir - straight line, f/p - scorpion
Aim: a scorpion (severely wounded, 60% to hit)
You throw a poisoned dart.
The poisoned dart closely misses the scorpion.
You feel sick.
The scorpion stings you but does no damage.
Okay, then.
You feel sick. The scorpion stings you.
* * * LOW HITPOINT WARNING * * *
You are lethally poisoned!
The scorpion poisons you!
It was a potion of might.
You feel very mighty all of a sudden.
* * * LOW HITPOINT WARNING * * *
You feel very sick. The scorpion stings you.
You die...

.# #.#
##.#.#########.##########
(......s@)...#.#.........
...#.#######†#.#........#
### #.#.#..8.8.8..
.....#.#...........
#...............
#####...#.......
#.#.#_)....# #.#.#......#
#.#.........


You could see a scorpion.

Vanquished Creatures
  A phantom (D:2)
  A hound (D:4)
  Terence (D:3)
  4 gnolls
  An adder (D:3)
  A dart slug (D:1)
  8 ball pythons
  9 endoplasms
  4 giant cockroaches
  14 goblins
  9 hobgoblins
  4 quokkas
  3 bats (D:1)
  3 frilled lizards
  2 kobolds (D:2)
  6 rats
71 creatures vanquished.

Notes
Turn   | Place    | Note
-------+----------+-------------------------------------------
     0 | D:1      | Newt the Demonspawn Gladiator began the quest for the Orb.
     0 | D:1      | Reached XP level 1. HP: 16/16 MP: 1/1
    17 | D:1      | Reached skill level 1 in Stealth
    54 | D:1      | Gained mutation: You have a small tail. [demonic ancestry]
    54 | D:1      | Reached XP level 2. HP: 22/22 MP: 2/2
   452 | D:1      | Gained mutation: You are partially covered in molten
                  | scales. (AC +2) [demonic ancestry]
   452 | D:1      | Reached XP level 3. HP: 27/27 MP: 3/3
   907 | D:2      | Noticed a phantom
   936 | D:2      | Killed a phantom
   937 | D:2      | Gained mutation: You are mostly covered in molten scales.
                  | (AC +3) [demonic ancestry]
   937 | D:2      | Reached XP level 4. HP: 18/37 MP: 4/4
  1615 | D:2      | Reached XP level 5. HP: 42/42 MP: 5/5
  2502 | D:3      | Found a hazy altar of Hepliaklqana.
  2507 | D:3      | Became a worshipper of Hepliaklqana the Forgotten
  2901 | D:3      | Noticed Terence
  2917 | D:3      | Killed Terence
  3472 | D:4      | Found a hide-covered altar of Uskayaw.
  3556 | D:4      | HP: 2/42 [poisoned by a scorpion]
  3556 | D:4      | Slain by a scorpion

Illustrated notes

Levels and vault maps discovered:
D:1:      onia_arrival_handbag, layout_loops_cross, minmay_misc_feat_enclosed
D:2:      cheibrodos_greedy_goblins, layout_loops_ring, serial_co_window_serial,
          co_window_paths_a, co_window_paths_a, co_window_paths_a,
          co_window_paths_a, co_window_paths_a, co_window_broadway_a,
          co_window_broadway_a, co_window_corner_b, co_window_corner_b,
          co_window_of_opportunity_b, co_window_unsneaky_path_e,
          co_window_2corner, glass_columns_c, glass_columns_a, glass_columns_c,
          glass_columns_a, glass_columns_a
D:3:      layout_loops_corners, nzn_hepliaklqana_mist_gate,
          nicolae_eternal_life, uniq_terence
D:4:      layout_loops_ring, eat_drink_and_be_merry_uskayaw, minmay_manual_mess

Skill      XL: |  1  2  3  4  5 |
---------------+----------------+-----
Stealth        | 1 2 3 |  3.0
Fighting       | 3 4 |  4.0
Short Blades   | 4 |  4.0
Throwing       | |  1.7
Armour         | |  0.9
Dodging        | |  2.6

Action                   |  1- 3 |  4- 6 || total
-------------------------+-------+-------++-------
Melee: Rapier            |    93 |   142 ||   235
       Tailslap          |    14 |    18 ||    32
Throw: Javelin           |     1 |     1 ||     2
       Throwing net      |       |     3 ||     3
       Dart              |       |     2 ||     2
  Use: Scroll            |       |     7 ||     7
       Potion            |       |     3 ||     3
 Stab: Sleeping          |     3 |     3 ||     6
Armor: Leather armour    |    17 |    44 ||    61
Dodge: Dodged            |    55 |    88 ||   143

Table legend: (Time is in decaauts)
 A = Elapsed time spent in this place.
 B = Non-inter-level travel time spent in this place.
 C = Inter-level travel time spent in this place.
 D = Time resting spent in this place.
 E = Time spent auto-exploring this place.
 F = Levels seen in this place.
 G = Mean time per level.
                   A        B        C        D        E       F      G
               +--------+--------+--------+--------+--------+-----+--------+
         Total |   3568 |   3510 |     58 |    846 |   2150 |   4 |  892.0 |
       Dungeon |   3568 |   3510 |     58 |    846 |   2150 |   4 |  892.0 |
               +--------+--------+--------+--------+--------+-----+--------+

Top non-repeatable levels by time:
     D:3: 1428 daAuts
     D:2: 1247 daAuts
     D:1: 793 daAuts
     D:4: 99 daAuts
